Map: Jagannatha LE

Players

GowHui

  • Race: Protoss Protoss
  • League: Gold
  • Spawn Location: 7:00

FLORENCIO - Winner!

  • Race: Zerg Zerg
  • League: Platinum
  • Spawn Location: 1:00

VOD

Have the link to the VOD?

Description

Time

  • Played on: Jan. 23, 2021, 11:29 p.m.
  • Length: 9:25
Show
View Real Time Build Order
Export as new Build Order

GowHui Protoss 

Build Orders: Forge Fast Expand (FFE) 

Get SALT Encoding   

  12  0:00  Probe  
  13  0:12  Probe  
  14  0:19  Pylon  
  14  0:24  Probe  
  15  0:37  Probe (Chrono Boost)  
  15  0:42  Forge  
  16  0:46  Probe (Chrono Boost)  
  17  0:51  Probe (Chrono Boost)  
  18  1:03  Probe  
  19  1:15  Probe  
  20  1:27  Nexus  
  20  1:30  Pylon  
  20  1:43  Probe  
  21  1:50  Gateway  
  21  1:52  Photon Cannon  
  21  1:58  Assimilator  
  21  1:59  Probe  
  21  2:04  Assimilator  
  21  2:11  Probe  
  22  2:17  Gateway  
  22  2:21  Pylon  
  22  2:24  Probe  
  23  2:36  Probe  
  24  2:47  Probe (Chrono Boost)  
  26  2:54  Probe (Chrono Boost), Zealot (Chrono Boost)  
  26  2:58  Probe (Chrono Boost)  
  29  3:02  Probe (Chrono Boost)  
  29  3:04  Pylon  
  30  3:09  Photon Cannon  
  30  3:18  Zealot (Chrono Boost)  
  30  3:19  Cybernetics Core  
  34  3:20  Zealot (Chrono Boost)  
  34  3:31  Photon Cannon  
  31  3:42  Photon Cannon  
  31  3:43  Photon Cannon  
  31  3:48  Pylon  
  29  3:58  Shield Battery  
  29  4:03  Stalker (Chrono Boost)  
  29  4:07  Photon Cannon  
  29  4:22  Photon Cannon  
  25  4:27  Stalker (Chrono Boost)  
  26  4:36  Photon Cannon  
  26  4:45  Photon Cannon  
  25  5:04  Stalker (Chrono Boost)  
  25  5:05  Stalker (Chrono Boost)  
  29  5:19  Photon Cannon  
  20  6:21  Nexus  
  18  6:54  Pylon  
  18  7:15  Cybernetics Core  
  18  7:34  Probe (Chrono Boost)  
  19  7:46  Probe (Chrono Boost)  
  20  7:53  Probe (Chrono Boost)  
  21  8:01  Robotics Facility  
  21  8:06  Probe  
  22  8:18  Probe  
  23  8:30  Probe  
  23  8:38  Pylon  
  23  8:44  Shield Battery  
  23  8:52  Pylon  
  23  8:57  Observer (Chrono Boost)  
Show
View Real Time Build Order
Export as new Build Order

FLORENCIO Zerg - Winner!

Build Orders: Pool First 

Get SALT Encoding   

  12  0:02  Drone  
  13  0:10  Drone  
  14  0:17  Overlord  
  14  0:36  Drone x3  
  14  0:41  Extractor  
  16  0:48  Spawning Pool  
  15  0:52  Drone  
  16  0:59  Drone  
  17  1:09  Drone  
  18  1:20  Overlord  
  18  1:40  Hatchery  
  17  1:50  Roach Warren  
  17  1:52  Drone x3, Extractor  
  18  2:19  Burrow  
  18  2:36  Drone x3  
  21  2:51  Overlord  
  21  2:53  Queen  
  23  3:02  Roach  
  23  3:04  Roach  
  27  3:13  Roach  
  27  3:16  Overlord  
  29  3:30  Drone  
  29  3:32  Roach  
  30  3:34  Roach  
  30  3:47  Ravager  
  31  3:51  Drone  
  30  3:57  Roach x3  
  30  4:01  Roach  
  36  4:04  Spore Crawler  
  35  4:28  Drone x2  
  37  4:41  Roach x2  
  37  4:44  Spore Crawler  
  40  4:48  Spore Crawler  
  40  4:52  Spore Crawler, Roach  
  41  4:59  Drone x2  
  43  5:00  Spore Crawler  
  43  5:01  Queen  
  44  5:08  Roach  
  42  5:37  Roach x3  
  46  5:46  Spine Crawler  
  46  5:48  Spine Crawler  
  44  5:52  Spine Crawler  
  44  5:55  Spine Crawler  
  44  5:56  Spine Crawler  
  44  5:57  Spine Crawler  
  40  5:58  Spine Crawler  
  40  5:59  Spine Crawler  
  40  6:02  Spine Crawler  
  37  6:07  Roach x3  
  43  6:21  Spine Crawler  
  41  6:39  Roach  
  43  6:44  Ravager  
  44  6:53  Metabolic Boost  
  44  7:15  Overlord  
  44  7:33  Queen  
  46  7:41  Drone x3  
  46  7:44  Drone  
  50  7:53  Drone  
  50  7:55  Drone  
  52  8:16  Hatchery, Overlord  
  52  8:18  Drone  
  52  8:26  Lair  
  52  8:34  Queen  
  54  8:46  Ravager x5  
  54  8:47  Ravager  
Tags
 
Add a new tag
Caveats
  • Supply blocks, unpowered buildings, or Contaminate may cause inaccurate times.
  • Supply counts are checked every 10 seconds.